 Dungeon Crawl Stone Soup version 0.30-a0-964-gd452b5e7fa (webtiles) character file.

Game seed: 18189891324119309383

2007 jasper the Stinger (level 9, -8/74 HPs)
             Began as a Pale Draconian Venom Mage on Mar 30, 2023.
             Was a Follower of Vehumet.
             Mangled by an orc wizard
             ... wielding the +8 trident of Silif {speed, *Rage rF++ Int+9 Dex-2}
              (11 damage)
             ... on level 6 of the Dungeon.
             The game lasted 00:10:31 (6334 turns).

jasper the Stinger (Pale Draconian Venom Mage)      Turns: 6334, Time: 00:10:32

Health: -8/74      AC:  8    Str: 10    XL:     9   Next: 2%
Magic:  9/16       EV: 13    Int: 19    God:    Vehumet [*.....]
Gold:   281        SH: 10    Dex: 13    Spells: 2/17 levels left

rFire   . . .      SeeInvis .    b - +1 club (drain)
rCold   . . .      Faith    .    c - +0 buckler
rNeg    . . .      Spirit   .    (body armour unavailable)
rPois   .          Reflect  +    (helmet restricted)
rElec   .          Rampage  .    (no cloak)
rCorr   .                        m - +0 pair of gloves
Will    .....                    (no boots)
Stlth   ++                       i - amulet of reflection
HPRegen 0.32/turn                u - ring of wizardry
MPRegen 0.15/turn                q - ring of wizardry

@: radiating poison, attractive
A: breathe steam, AC +7, unfitting armour, cold-blooded, steam resistance
a: Breathe Steam, Renounce Religion


You were on level 6 of the Dungeon.
You worshipped Vehumet.
Vehumet was aware of your devotion.
You visited 2 branches of the dungeon, and saw 7 of its levels.

You collected 281 gold pieces.

Inventory:

Hand Weapons
 b - a +1 club of draining (weapon)
 d - a +0 dagger of speed
 f - a +3 dagger of venom
Missiles
 g - 58 stones
 y - 9 boomerangs
Armour
 c - a +0 buckler (worn)
 m - a +0 pair of gloves (worn)
Jewellery
 i - an amulet of reflection (around neck)
 q - a ring of wizardry (right hand)
 u - a ring of wizardry (left hand)
Wands
 e - a wand of charming (9)
 z - a wand of flame (17)
Scrolls
 l - a scroll of teleportation
 s - a scroll of torment
 t - a scroll of blinking
 B - a scroll of identify
Potions
 a - 2 potions of magic
 h - a potion of brilliance
 j - 2 potions of lignification
 k - a potion of mutation
 n - a potion of flight
 o - 3 potions of attraction
 p - 2 potions of ambrosia
 r - a potion of resistance {unknown}
 v - 3 potions of degeneration
 w - 2 potions of cancellation {unknown}
 x - 2 potions of curing
 A - a potion of might {unknown}


   Skills:
 + Level 5.0 Fighting
 + Level 4.5 Dodging
 - Level 1.7 Stealth
 - Level 4.0 Shields
 + Level 4.7 Spellcasting
 * Level 3.1 Conjurations
 - Level 1.0 Transmutations
 + Level 1.3 Ice Magic
 * Level 3.4 Air Magic
 - Level 6.0 Poison Magic


You had 2 spell levels left.
You knew the following spells:

 Your Spells              Type           Power      Damage    Failure   Level
a - Sting                 Tmut/Pois      68%        1d6       1%          1
b - Poisonous Vapours     Pois/Air       44%        N/A       1%          2
c - Mephitic Cloud        Conj/Pois/Air  20%        N/A       2%          3
d - Olgreb's Toxic Radia  Pois           27%        N/A       4%          4
e - Freezing Cloud        Conj/Ice/Air   7%         6-21      36%         5

Your spell library contained the following spells:

 Spells                   Type           Power      Damage    Failure   Level
 Foxfire                  Conj/Fire      40%        2x1d4     2%          1
 Shock                    Conj/Air       68%        1d7       1%          1
 Alistair's Intoxication  Tmut/Pois      11%        N/A       26%         5


Dungeon Overview and Level Annotations

Branches:
Dungeon (6/15)             Temple (1/1) D:4

Altars:
Ashenzari
Cheibriados
Dithmenos
Elyvilon
Gozag
Hepliaklqana
Kikubaaqudgha
Makhleb
Nemelex Xobeh
Okawaru
Qazlal
Ru
Sif Muna
Trog
Vehumet
Wu Jian
Xom
Zin

Shops:
D:2 =   D:5 (


Innate Abilities, Weirdness & Mutations

You can breathe blasts of scalding, opaque steam.
Your pale cyan-grey scales are hard. (AC +7)
You cannot fit into any form of body armour.
You are cold-blooded and may be slowed by cold attacks.
You are immune to the effects of steam.


Message History

You are confused.
You're too confused to cast spells.
You're too confused to cast spells.
The orc wizard points at you and mumbles some strange words.
You are more confused.
You bump into the rock wall.
The orc wizard hits you with the +8 trident of Silif {speed, *Rage rF++ Int+9 Dex-2}!
The orc wizard casts a spell at you.
You are more confused.
You take 9 damage, and have 65/74 hp.
You bump into the rock wall.
The orc shoots an arrow.
The arrow hits you!
The orc wizard hits you with the +8 trident of Silif {speed, *Rage rF++ Int+9 Dex-2}!
You take 18 damage, and have 47/74 hp.
MASSIVE DAMAGE!!
The orc shoots an arrow.
The arrow hits you but does no damage.
The orc wizard hits you with the +8 trident of Silif {speed, *Rage rF++ Int+9 Dex-2}!
You take 9 damage, and have 38/74 hp.
The orc wizard hits you with the +8 trident of Silif {speed, *Rage rF++ Int+9 Dex-2}!
The orc wizard casts a spell at you. The puff of flame hits you!
* * * LOW HITPOINT WARNING * * *
You take 19 damage, and have 19/74 hp.
MASSIVE DAMAGE!!
It was a potion of attraction.
You feel attractive to monsters.
The orc wizard looks more healthy.
The orc unwields a +0 longbow.
The orc wields a +0 club.
The orc barely misses you.
The orc wizard hits you but does no damage.
It was a potion of curing.
You feel better.
The orc wizard goes berserk!
The orc wizard hits you with the +8 trident of Silif {speed, *Rage rF++ Int+9 Dex-2}!
* * * LOW HITPOINT WARNING * * *
You block the orc's attack.
Casting: Olgreb's Toxic Radiance (dangerous; 4% risk of failure)
Press: ? - help, Q - select action, (/) - cycle Dir - look around, f - activate You begin to radiate toxic energy.
The orc wizard is poisoned.
The orc is poisoned.
The orc wizard misses you.
The orc wizard hits you with the +8 trident of Silif {speed, *Rage rF++ Int+9 Dex-2}!
* * * LOW HITPOINT WARNING * * *
The orc closely misses you.
The orc wizard hits you with the +8 trident of Silif {speed, *Rage rF++ Int+9 Dex-2}!
You die...

##.#.##
#.....
##.##
#.#### #.#
# #.# #
#.# # #.#
# #.## #
#..# #
##@#
#oo..#
#.....#
.>.......
.........
#......###
#..###.#
#..# .#


You could see an orc wizard (berserk, poisoned) and an orc (poisoned).

Vanquished Creatures
  Pikel (D:4)
  2 water moccasins
  2 black bears (D:5)
  An ice beast (D:6)
  2 ogres
  2 centaurs
  A phantom (D:6)
  A kobold brigand (D:6)
  A scorpion (D:3)
  A howler monkey (D:6)
  2 jellies
  A gnoll bouda (D:5)
  An orc priest (D:5)
  A hound (D:5)
  Natasha (thrice) (D:3)
  2 iguanas (D:5)
  3 orc wizards (D:5)
  6 adders
  4 gnolls (D:5)
  2 worms
  A dart slug (D:2)
  8 orcs
  7 ball pythons
  5 endoplasms
  3 giant cockroaches
  13 goblins
  5 hobgoblins
  6 jackals
  15 kobolds
  2 quokkas
  3 bats
  3 frilled lizards
  5 rats
115 creatures vanquished.

Notes
Turn   | Place    | Note
-------+----------+-------------------------------------------
     0 | D:1      | jasper the Draconian Venom Mage began the quest for the
                  | Orb.
     0 | D:1      | Reached XP level 1. HP: 14/14 MP: 3/3
   243 | D:1      | Reached XP level 2. HP: 17/22 MP: 0/5
   309 | D:1      | Found a faded altar of an unknown god.
   461 | D:1      | Learned a level 2 spell: Poisonous Vapours
   495 | D:1      | Reached skill level 1 in Fighting
   948 | D:2      | Reached XP level 3. HP: 28/28 MP: 2/6
  1689 | D:2      | Found Dyople's Jewellery Shoppe.
  2026 | D:2      | Learned a level 3 spell: Mephitic Cloud
  2239 | D:3      | Noticed a scorpion
  2245 | D:3      | Killed a scorpion
  2246 | D:3      | Reached skill level 4 in Poison Magic
  2246 | D:3      | Reached XP level 4. HP: 36/36 MP: 2/8
  2410 | D:3      | Reached skill level 1 in Conjurations
  2410 | D:3      | Reached XP level 5. HP: 36/41 MP: 7/9
  2509 | D:3      | Found a shadowy altar of Dithmenos.
  2534 | D:3      | Reached skill level 1 in Shields
  2649 | D:3      | Noticed Natasha
  2665 | D:3      | Killed Natasha
  2666 | D:3      | Reached skill level 1 in Air Magic
  2763 | D:3      | Noticed Natasha
  2770 | D:3      | Killed Natasha
  2926 | D:3      | Noticed Natasha
  2934 | D:3      | Killed Natasha
  2963 | D:4      | Noticed a lemure
  3129 | D:4      | Reached XP level 6. HP: 25/49 MP: 10/10
  3244 | D:4      | Found a staircase to the Ecumenical Temple.
  3257 | Temple   | Entered the Ecumenical Temple
  3271 | Temple   | Became a worshipper of Vehumet
  3287 | D:4      | Noticed a water moccasin
  3304 | D:4      | Killed a water moccasin
  3683 | D:4      | Noticed Pikel
  3703 | D:4      | Killed Pikel
  3704 | D:4      | Reached skill level 6 in Poison Magic
  3704 | D:4      | Your scales start taking on a pale cyan-grey colour.
  3704 | D:4      | Reached XP level 7. HP: 32/57 MP: 2/12
  3704 | D:4      | Gained mutation: You are immune to the effects of steam.
                  | [Pale Draconian growth]
  3709 | D:4      | Learned a level 4 spell: Olgreb's Toxic Radiance
  3819 | D:4      | Found a bloodstained altar of Trog.
  4582 | D:5      | Entered Level 5 of the Dungeon
  4645 | D:5      | Found a shimmering altar of Xom.
  4650 | D:5      | Reached XP level 8. HP: 60/64 MP: 4/13
  5120 | D:5      | Got the Secrets of the Mighty Coward
  5168 | D:5      | Reached * piety under Vehumet
  5168 | D:5      | Offered knowledge of Foxfire by Vehumet.
  5292 | D:5      | Learned a level 5 spell: Freezing Cloud
  5681 | D:5      | Found Xydout's Weapon Shoppe.
  5837 | D:6      | Reached skill level 1 in Ice Magic
  6046 | D:6      | Reached skill level 5 in Fighting
  6046 | D:6      | Reached XP level 9. HP: 66/74 MP: 12/16
  6323 | D:6      | Identified the +8 trident of Silif {speed, *Rage rF++ Int+9
                  | Dex-2}
  6334 | D:6      | HP: 3/74 [orc wizard/the +8 trident of Silif {speed, *Rage
                  | rF++ Int+9 Dex-2} (16)]
  6334 | D:6      | Mangled by an orc wizard

Illustrated notes

Levels and vault maps discovered:
D:1:      saegor_arrival_simple_a, layout_basic,
          hellmonk_ecumenical_altar_prayer_group, minmay_tromino_i2
D:2:      layout_basic, serial_shops, shop, nrook_campfire
D:3:      layout_rooms, nicolae_dithmenos_the_darkroom, uniq_natasha
D:4:      layout_basic, mainiacjoe_overflow_catwalk,
          minmay_temple_entry_junction, minmay_statues_item, uniq_pikel
D:5:      layout_loops_ring, mainiacjoe_overflow_alcove_1, serial_shops,
          nicolae_shop_advertising_works [nicolae_subvault_shop_adworks],
          kennysheep_boxes
D:6:      layout_loops_ring, minmay_ruffians
Temple:   hellmonk_temple_two_chambers

Skill      XL: |  1  2  3  4  5  6  7  8 |
---------------+-------------------------+-----
Dodging        | 2 3 4 |  4.5
Fighting       | 1 2 3 5 |  5.0
Poison Magic   | 4 6 |  6.0
Conjurations   | 1 2 3 |  3.1
Shields        | 1 2 4 |  4.0
Air Magic      | 1 2 3 |  3.4
Spellcasting   | 3 4 |  4.7
Ice Magic      | 1 |  1.3
Stealth        | |  1.7
Transmutations | |  1.0

Action                     |  1- 3 |  4- 6 |  7- 9 || total
---------------------------+-------+-------+-------++-------
  Melee: Club              |    20 |    68 |   103 ||   191
         Tailslap          |     7 |     8 |    13 ||    28
         Dagger            |    23 |       |       ||    23
  Throw: Throwing net      |       |     1 |       ||     1
   Cast: Sting             |    41 |    11 |       ||    52
         Poisonous Vapours |    16 |    28 |       ||    44
         Olgreb's Toxic Ra |       |       |    36 ||    36
Ability: Breathe Steam     |       |       |     1 ||     1
    Use: Scroll            |    10 |       |     5 ||    15
         Potion            |       |       |     2 ||     2
   Stab: Sleeping          |     1 |       |       ||     1
 Armour: Skin              |    13 |    21 |    50 ||    84
  Dodge: Dodged            |    29 |    47 |    91 ||   167
  Block: Buckler           |     1 |    39 |    66 ||   106
         Reflection        |       |     2 |     2 ||     4

Table legend: (Time is in decaauts)
 A = Elapsed time spent in this place.
 B = Non-inter-level travel time spent in this place.
 C = Inter-level travel time spent in this place.
 D = Time resting spent in this place.
 E = Time spent auto-exploring this place.
 F = Levels seen in this place.
 G = Mean time per level.
                   A        B        C        D        E       F      G
               +--------+--------+--------+--------+--------+-----+--------+
         Total |   6410 |   6188 |    222 |    357 |   4839 |   7 |  915.7 |
       Dungeon |   6389 |   6172 |    217 |    357 |   4839 |   6 | 1064.8 |
        Temple |     20 |     15 |      5 |      0 |      0 |   1 |   20.0 |
               +--------+--------+--------+--------+--------+-----+--------+

Top non-repeatable levels by time:
     D:4: 1549 daAuts
     D:5: 1264 daAuts
     D:2: 1211 daAuts
     D:3: 1007 daAuts
     D:1: 835 daAuts
     D:6: 522 daAuts
  Temple: 20 daAuts
